 Dungeon Crawl Stone Soup version 0.21.1-1-g345015f (webtiles) character file.

11771 poirepourri the Unseen (level 11, -3/47 HPs)
             Began as a Spriggan Enchanter on July 21, 2018.
             Was a Follower of Ashenzari.
             Slain by a merfolk
             ... wielding a +0 trident
              (16 damage)
             ... on level 3 of the Lair of Beasts.
             The game lasted 00:23:17 (14995 turns).

poirepourri the Unseen (Spriggan Enchanter)        Turns: 14995, Time: 00:23:17

Health: -3/47      AC:  4    Str:  4    XL:     11   Next: 53%
Magic:  16/27      EV:  9    Int: 17    God:    Ashenzari [*.....]
Gold:   218        SH:  0    Dex: 20    Spells: 20/32 levels left

rFire    x . .     SeeInvis +   a - +2 dagger (curse)
rCold    + . .     Gourm    .   (shield restricted)
rNeg     + . .     Faith    .   E - +2 robe {rN+} (curse)
rPois    +         Spirit   .   (helmet restricted)
rElec    .         Reflect  .   (no cloak)
rCorr    .         Harm     .   (gloves unavailable)
MR       +....                  (boots unavailable)
Stlth    +++++++...             (no amulet)
HPRegen  0.15/turn              l - ring of ice (curse)
MPRegen  0.20/turn              v - ring of poison resistance (curse)

@: held, very quick
A: very small, unfitting armour, see invisible, herbivore, speed 3, slow
metabolism 2
a: Curse Item, Scrying, Renounce Religion


You were on level 3 of the Lair of Beasts.
You worshipped Ashenzari.
Ashenzari was aware of your devotion.
You were full.

You visited 3 branches of the dungeon, and saw 14 of its levels.
You also visited: Volcano.

You collected 618 gold pieces.
You spent 400 gold pieces at shops.

Inventory:

Hand Weapons
 a - a cursed +2 dagger (weapon)
 A - a +1 vampiric rapier
Missiles
 o - a throwing net
 t - 7 tomahawks (quivered)
Armour
 b - a +0 buckler
 E - a cursed +2 robe of positive energy (worn)
Jewellery
 l - a cursed ring of ice (left hand)
 u - an uncursed ring of ice
 v - a cursed ring of poison resistance (right hand)
 D - an uncursed ring of flight
Wands
 r - a wand of flame (58)
Scrolls
 i - a scroll of blinking
 n - a scroll of amnesia
Potions
 e - 2 potions of agility
 f - a potion of brilliance
 j - 3 potions of haste
 m - 3 potions of lignification
 p - a potion of flight
 s - a potion of resistance
 x - 3 potions of curing
 z - a potion of berserk rage
 C - 2 potions of ambrosia
Books
 c - a book of Maledictions

   Spells                             Type                      Level
   a - Corona                         Hexes                        1
   b - Ensorcelled Hibernation        Hexes/Ice                    2
   c - Confuse                        Hexes                        3
   d - Tukima's Dance                 Hexes                        3
   e - Dazzling Spray                 Conjuration/Hexes            3
 q - a book of Minor Magic

   Spells                             Type                      Level
   a - Magic Dart                     Conjuration                  1
   b - Blink                          Translocation                2
   c - Call Imp                       Summoning                    2
   d - Slow                           Hexes                        2
   e - Conjure Flame                  Conjuration/Fire             3
   f - Mephitic Cloud                 Conjuration/Poison/Air       3
 y - the Grimoire of Floating Transformation
   (You found it on level 8 of the Dungeon)

   Spells                             Type                      Level
   a - Static Discharge               Conjuration/Air              3
   b - Ignite Poison                  Fire/Transmutation/Poison    3
   c - Yara's Violent Unravelling     Hexes/Transmutation          5
   d - Statue Form                    Transmutation/Earth          6
Miscellaneous
 B - a lamp of fire
Comestibles
 d - 14 rations


   Skills:
 - Level 5.3 Short Blades
 - Level 3.0 Dodging
 - Level 18.0 Stealth
 + Level 11.0 Spellcasting
 - Level 11.4 Hexes


You had 20 spell levels left.
You knew the following spells:

 Your Spells              Type           Power        Failure   Level  Hunger
a - Corona                Hex            #####..      1%          1    None
b - Ensorcelled Hibernat  Hex/Ice        #####.       1%          2    None
c - Confuse               Hex            #####...     1%          3    None
d - Tukima's Dance        Hex            #####...     1%          3    None
e - Dazzling Spray        Conj/Hex       ####..       2%          3    None


Dungeon Overview and Level Annotations

Branches:
Dungeon (10/15)            Temple (1/1) D:5            Lair (3/6) D:9
 Shoals (0/4) Lair:3
  Snake: Lair:2-4    Spider: Lair:2-4       Orc: D:9-12

Altars:
Ashenzari
Cheibriados
Dithmenos
Elyvilon
Fedhas
Gozag
Hepliaklqana
Kikubaaqudgha
Makhleb
Nemelex Xobeh
Okawaru
Ru
Sif Muna
Trog
Uskayaw
Vehumet
Wu Jian
Xom
Yredelemnul
Zin
The Shining One

Shops:
D:4 [?(   D:9 [

Annotations:
D:10 aaksess's ghost, journeyman GnHu


Innate Abilities, Weirdness & Mutations

You are very small and have problems with some larger weapons.
You are too small for most types of armour.
You have supernaturally acute eyesight. (SInv)
You are a herbivore.
You cover ground extremely quickly.
You need consume almost no food.


Message History

The merfolk hits you with a trident!!
Ouch! That really hurt!
Casting: Ensorcelled Hibernation
Confirm with . or Enter, or press ? or * to list all spells.
Aiming: Ensorcelled Hibernation
Press: ? - help, Shift-Dir - straight line, f/p - merfolk
Aim: a merfolk, wielding a trident (chance to defeat MR: 51%)
You feel a surge of power!
The merfolk resists with some effort.
The merfolk hits you with a trident.
* * * LOW HITPOINT WARNING * * *
The merfolk barely misses you.
The merfolk throws a throwing net.
The throwing net hits you.
You become entangled in the net!
You see here a throwing net.
You struggle against the net.
You struggle against the net.
As you read the scroll of summoning, it crumbles to dust.
Wisps of shadow whirl around you...
The merfolk hits you from afar with a trident!
You die...

##...#***##.#*#..P## *****#....
,,,,,*,,*#...*#...#*****,*,*#....
*,,,,,,,,,...###...,,,,,,........
,,,,,,,,,,,#≈..#....,,,,,........
*,,,,,,,,,,#.≈.##,,,,,,,...<.....
,,,,,,,,*,**#)..#,,,****##....###
#.......,** #≈≈m##*,,* *P....,*.
........#* ##≈#l#**** *##...,*#
#.......# #YY@# *..,,**
........## ##t#F# **,,,*
#........# #Y≈.## ***,,,,*
.........# ##≈..# ******,**,,,***
#........###.≈.##**,**,,,,,,,,,*,
...........#)..#,,,,,,,,,,,,,,,,,
#............###,,,,,,,,,,,,,,,,,
...................,,,,,,,,,,,,,,
#.###...###.##.##!#*,,,,,,,,,,,,,


You could see a merfolk, a friendly komodo dragon, 3 friendly yaks, a friendly
crocodile and a friendly bullfrog.

Vanquished Creatures
  3 death yaks (D:9)
  Pikel (D:6)
  Joseph (D:7)
  3 merfolk sirens (Lair:3)
  2 spiny frogs
  A rime drake (Lair:2)
  A polar bear (Lair:3)
  Prince Ribbit (D:7)
  3 hippogriffs
  A spriggan (D:7)
  6 yaks (D:8)
  Grum (D:10)
  A steam dragon (D:7)
  Menkaure (D:7)
  Edmund (D:6)
  3 water moccasins
  4 orc warriors
  3 porcupines
  An ice beast (D:8)
  2 sky beasts (D:8)
  2 black bears
  A necrophage (D:9)
  A wolf (D:9)
  7 ogres
  3 centaurs
  A crocodile (Lair:3)
  8 bullfrogs
  2 scorpions
  7 wights
  An oklob sapling (D:5)
  3 electric eels (D:4)
  3 crimson imps
  A lava snake (D:8)
  9 orc priests
  A hound (D:7)
  3 jellies
  A bullfrog skeleton (D:8)
  An iron imp (D:8)
  2 iguanas (D:9)
  5 worker ants
  11 orc wizards
  2 worker ant zombies
  4 gnolls (D:3)
  A howler monkey skeleton (D:7)
  11 adders
  2 river rats (D:9)
  A shadow imp (D:7)
  2 oozes
  An adder zombie (D:6)
  2 adder skeletons (D:5)
  2 worms
  A dart slug (D:2)
  5 leopard geckos
  31 orcs
  2 ball pythons
  5 giant cockroaches
  8 goblins
  3 hobgoblins (D:2)
  6 jackals
  3 quokkas
  2 bats
  5 frilled lizards
  3 goblin skeletons (D:8)
  3 goblin zombies (D:8)
  2 hobgoblin zombies (D:8)
  9 kobolds
  2 kobold skeletons (D:8)
  A kobold zombie (D:8)
  A leopard gecko skeleton (D:4)
  2 orc skeletons (D:8)
  A quokka zombie (D:9)
  11 rats
247 creatures vanquished.

Vanquished Creatures (collateral kills)
  An electric eel (D:4)
1 creature vanquished.

Vanquished Creatures (others)
  Grinder (D:6)
  A slave (D:6)
  A centaur zombie (D:6)
  An orc (D:6)
  4 plants (D:5)
8 creatures vanquished.

Grand Total: 256 creatures vanquished

Notes
Turn   | Place    | Note
-------+----------+-------------------------------------------
     0 | D:1      | poirepourri the Spriggan Enchanter began the quest for the Orb.
     0 | D:1      | Reached XP level 1. HP: 9/9 MP: 5/5
   505 | D:1      | Reached skill level 5 in Stealth
   505 | D:1      | Reached XP level 2. HP: 13/13 MP: 6/6
   513 | D:1      | Learned a level 2 spell: Ensorcelled Hibernation
   818 | D:1      | Reached skill level 6 in Stealth
  1484 | D:2      | Reached XP level 3. HP: 16/16 MP: 8/8
  1653 | D:2      | Learned a level 3 spell: Confuse
  1681 | D:2      | Reached skill level 7 in Stealth
  1921 | D:2      | Found a hazy altar of Hepliaklqana.
  2196 | D:3      | Found a bloodstained altar of Trog.
  2236 | D:3      | Reached XP level 4. HP: 21/21 MP: 9/9
  2337 | D:3      | Learned a level 3 spell: Tukima's Dance
  2338 | D:3      | Reached skill level 5 in Hexes
  2375 | D:3      | Reached XP level 5. HP: 24/24 MP: 10/10
  3827 | D:3      | Found a white marble altar of Elyvilon.
  4042 | D:3      | Reached skill level 5 in Spellcasting
  4200 | D:4      | Reached XP level 6. HP: 20/28 MP: 9/15
  4288 | D:4      | Learned a level 3 spell: Dazzling Spray
  4305 | D:4      | Found a transporter.
  4794 | D:4      | Found Opaaloi's Magic Scroll Shoppe.
  4803 | D:4      | Bought a scroll of identify for 20 gold pieces
  4803 | D:4      | Bought a scroll of identify for 20 gold pieces
  4803 | D:4      | Bought a scroll of summoning for 95 gold pieces
  4803 | D:4      | Bought a scroll of identify for 20 gold pieces
  4806 | D:4      | Bought a scroll of identify for 20 gold pieces
  4806 | D:4      | Bought a scroll of identify for 20 gold pieces
  4971 | D:4      | Found Qithoysk's Antique Armour Emporium.
  5203 | D:4      | Found a radiant altar of Vehumet.
  5306 | D:4      | Found Evel's Antique Weapon Shoppe.
  5318 | D:4      | Found a transporter.
  5365 | D:4      | HP: 1/28 [electric eel/bolt of electricity (12)]
  5986 | D:5      | Entered Level 5 of the Dungeon
  6119 | D:5      | Reached XP level 7. HP: 32/32 MP: 9/18
  6566 | D:5      | Found a staircase to the Ecumenical Temple.
  6674 | Temple   | Entered the Ecumenical Temple
  6773 | Temple   | Became a worshipper of Ashenzari the Shackled
  6924 | D:6      | Reached skill level 5 in Short Blades
  6927 | D:6      | Noticed Grinder
  7393 | D:6      | Noticed Edmund
  7420 | D:6      | Killed Edmund
  7420 | D:6      | Reached skill level 8 in Stealth
  7420 | D:6      | Reached XP level 8. HP: 36/36 MP: 13/20
  7435 | D:6      | Reached skill level 9 in Stealth
  7508 | D:6      | Found a sacrificial altar of Ru.
  7628 | D:6      | Noticed Pikel
  7648 | D:6      | Killed Pikel
  7648 | D:6      | Reached skill level 12 in Stealth
  7852 | D:6      | Killed Grinder
  7857 | D:6      | Found a shimmering altar of Xom.
  7923 | D:6      | Found a blossoming altar of Fedhas.
  8017 | D:6      | Reached skill level 13 in Stealth
  8098 | D:6      | Reached XP level 9. HP: 39/39 MP: 19/21
  8422 | D:7      | Found an opulent altar of Gozag.
  8623 | D:7      | Reached skill level 14 in Stealth
  9190 | D:7      | Noticed Menkaure
  9194 | D:7      | Killed Menkaure
  9196 | D:7      | Reached skill level 15 in Stealth
  9289 | D:7      | Noticed Prince Ribbit
  9292 | D:7      | Killed Prince Ribbit
  9451 | D:7      | Reached skill level 16 in Stealth
  9661 | D:7      | Found a deep blue altar of Sif Muna.
  9982 | D:7      | Found a burning altar of Makhleb.
  9983 | D:7      | Noticed a balrug
 10038 | D:7      | Noticed Joseph
 10042 | D:7      | Killed Joseph
 10042 | D:7      | Reached skill level 17 in Stealth
 10055 | D:7      | Reached XP level 10. HP: 33/44 MP: 14/22
 10632 | D:8      | Found a glowing golden altar of the Shining One.
 10826 | D:8      | Reached skill level 18 in Stealth
 10903 | D:8      | Identified the Grimoire of Floating Transformation
 10946 | D:8      | Found a sparkling altar of Nemelex Xobeh.
 12296 | D:9      | Noticed a death yak
 12297 | D:9      | Found a staircase to the Lair.
 12298 | D:9      | Noticed a death yak
 12299 | D:9      | Noticed a death yak
 12823 | D:9      | Reached * piety under Ashenzari
 12857 | D:9      | Found Patoubre's Armour Shop.
 12862 | D:9      | Bought a +2 robe of positive energy for 205 gold pieces
 13067 | D:9      | Found an ornate altar of the Wu Jian Council.
 13189 | D:9      | Killed a death yak
 13189 | D:9      | Reached skill level 10 in Hexes
 13254 | D:9      | Killed a death yak
 13257 | D:9      | Killed a death yak
 13257 | D:9      | Reached XP level 11. HP: 33/47 MP: 0/23
 13643 | D:10     | Entered Level 10 of the Dungeon
 13643 | D:10     | Noticed Grum
 13645 | D:10     | Killed Grum
 13646 | D:10     | Noticed aaksess's ghost (journeyman GnHu)
 13774 | Lair:1   | Entered Level 1 of the Lair of Beasts
 14192 | Lair:3   | Found a dark tunnel.
 14201 | Volcano  | Entered a volcano
 14684 | Lair:3   | Reached skill level 10 in Spellcasting
 14970 | Lair:3   | Found a staircase to the Shoals.
 14995 | Lair:3   | Slain by a merfolk

Skill      XL: |  1  2  3  4  5  6  7  8  9 10 11 |
---------------+----------------------------------+-----
Stealth        | 5 6 7 8 13 17 18 | 18.0
Spellcasting   | 3 5 7 11 | 11.0
Hexes          | 5 11 | 11.4
Short Blades   | 2 5 |  5.3
Dodging        | |  3.0

Action                   |  1- 3 |  4- 6 |  7- 9 | 10-12 || total
-------------------------+-------+-------+-------+-------++-------
Melee: Dagger            |    72 |   129 |   151 |   277 ||   629
 Cast: Corona            |     1 |       |       |       ||     1
       Ensorcelled Hiber |    33 |    58 |    47 |    65 ||   203
       Confuse           |       |     4 |    23 |    35 ||    62
       Dazzling Spray    |       |     1 |       |    14 ||    15
Invok: Curse Item        |       |       |     3 |     2 ||     5
Evoke: Wand              |       |     4 |       |       ||     4
  Use: Scroll            |     4 |    13 |     4 |    12 ||    33
       Potion            |       |       |     1 |     2 ||     3
 Stab: Sleeping          |    23 |    42 |    42 |    59 ||   166
       Confused          |       |     1 |    12 |    17 ||    30
       Fleeing           |       |     1 |       |       ||     1
       Invisible         |       |       |       |     8 ||     8
  Eat: Ration            |     2 |     2 |     2 |     5 ||    11
Armor: Robe              |    11 |     7 |    10 |     9 ||    37
Dodge: Dodged            |   116 |   107 |   101 |   126 ||   450
